ST. LOUIS Blues vs CALGARY Flames

Created - 11 mars 2024 at 20:37

Goals
1 2 3 OT1 T
ST. LOUIS Blues 1 1 2 1 5
CALGARY Flames 0 2 2 0 4
Shots
1 2 3 OT1 T
ST. LOUIS Blues 8 10 11 2 31
CALGARY Flames 6 12 10 2 30

1st period

1. ST. LOUIS Blues , Roope Hintz 25 (Jack Roslovic 17) at 0:37

Penalties :
A.J. Greer (CGY) for Holding (Minor) at 6:27, A.J. Greer (CGY) for Holding (Minor) at 11:50, Lawson Crouse (CGY) for Delaying the game (Minor) at 16:14

2nd period

2. CALGARY Flames , Josh Brown 3 (Michael Rasmussen 14, Keegan Kolesar 3) at 2:03
3. CALGARY Flames , Alex Newhook 10 (Quinn Hughes 28, Charlie McAvoy 30) at 9:23
4. ST. LOUIS Blues , Brandon Tanev 8 (Marcus Johansson 6, Erik Gustafsson 19) at 11:52

Penalties :
Lawson Crouse (CGY) for Roughing (Minor) at 5:58, Colin Miller (STL) for Hooking (Minor) at 5:58, Jamie Oleksiak (CGY) for Hooking (Minor) at 15:20

3rd period

5. CALGARY Flames , Philipp Kurashev 2 (Charlie McAvoy 31, Quinn Hughes 29) at 2:15
6. CALGARY Flames , Boone Jenner 12 (Lawson Crouse 15, Charlie McAvoy 32) at 13:29
7. ST. LOUIS Blues , Erik Haula 11 (Brandon Tanev 8, Oscar Klefbom 8) at 14:31
8. ST. LOUIS Blues , Erik Karlsson 5 (Roope Hintz 33) at 19:15

Penalties :
Jamie Oleksiak (CGY) for Tripping (Minor) at 5:35, Erik Karlsson (STL) for Interference (Minor) at 9:08, Damon Severson (STL) for Cross-checking (Minor) at 14:35, Michael Rasmussen (CGY) for Holding (Minor) at 15:09

Overtime #1

9. ST. LOUIS Blues , Erik Haula 12 (Colin Miller 7, Filip Gustavsson) at 4:51

Penalties :
No Penalty

Goalie Stats

Filip Gustavsson (STL), 26 saves from 30 shots - (0,867), W, 24-16-3, 64:40 minutes
Stuart Skinner (CGY), 26 saves from 31 shots - (0,839), OTL, 18-11-6, 64:52 minutes

Players Stats for ST. LOUIS Blues

Player Name              G  A  P  +/- PIM S  H  SB GA TA FO     MP     PP MP  PK MP  
------------------------------------------------------------------------------------
Brandon Tanev            1  1  2   1  0   4  0  0  0  0  0/0    14:21   0:27   0:00 
Calle Jarnkrok           0  0  0   0  0   0  0  0  0  0  0/0    16:26   0:00   0:00 
Colin Miller             0  1  1   1  2   2  1  1  0  0  0/0    17:56   4:03   0:00 
Damon Severson           0  0  0   2  2   0  0  1  0  0  0/0    19:59   4:03   0:41 
Erik Brannstrom          0  0  0   0  0   0  0  0  0  0  0/0     0:00   0:00   0:00 
Erik Gustafsson          0  1  1   2  0   0  0  0  0  0  0/0    18:39   0:00   1:34 
Erik Haula               2  0  2   2  0   3  2  0  0  0  10/19  21:22   5:15   0:19 
Erik Karlsson            1  0  1  -2  2   3  1  1  0  0  0/0    24:51   6:26   0:18 
Evgeny Kuznetsov         0  0  0  -1  0   2  3  0  0  0  13/23  22:35   5:14   0:19 
Gustav Forsling          0  0  0  -2  0   3  2  3  0  0  0/0    26:06   6:26   1:32 
Jack Roslovic            0  1  1  -1  0   2  0  1  0  0  1/2    19:56   5:14   0:56 
Jonathan Marchessault    0  0  0   0  0   3  1  0  0  0  2/2    22:52   4:48   1:50 
Kevin Labanc             0  0  0   0  0   0  0  0  0  0  0/0     5:35   0:00   0:00 
Marcus Johansson         0  1  1   1  0   2  0  0  0  0  0/0    12:51   0:00   0:00 
Oliver Bjorkstrand       0  0  0   0  0   2  0  0  0  0  0/2    18:53   5:14   0:00 
Oscar Klefbom            0  1  1   0  0   1  1  1  0  0  0/0    17:18   0:00   1:01 
Robby Fabbri             0  0  0   0  0   0  2  0  0  0  2/6     3:54   0:00   0:00 
Roope Hintz              1  1  2   0  0   4  3  0  0  0  17/33  25:02   5:15   1:42 

Players Stats for CALGARY Flames

Player Name              G  A  P  +/- PIM S  H  SB GA TA FO     MP     PP MP  PK MP  
------------------------------------------------------------------------------------
A.J. Greer               0  0  0   0  4   0  0  0  0  0  0/0     9:27   0:00   0:35 
Alex Newhook             1  0  1   0  0   1  0  0  0  0  0/1    13:45   1:11   0:00 
Alexei Toropchenko       0  0  0  -1  0   1  0  0  0  0  0/0     8:12   0:00   0:00 
Boone Jenner             1  0  1  -1  0   6  2  0  0  0  10/28  20:44   1:22   2:06 
Charlie Coyle            0  0  0  -2  0   6  3  1  0  0  11/23  22:52   1:22   4:18 
Charlie McAvoy           0  3  3  -1  0   4  3  4  0  0  0/0    27:39   1:22   5:41 
Cole Perfetti            0  0  0  -1  0   0  3  0  0  0  0/0    13:52   0:00   0:00 
Daniel Sprong            0  0  0  -1  0   1  0  1  0  0  0/0    16:15   1:11   0:00 
Darnell Nurse            0  0  0  -2  0   0  2  2  0  0  0/0    21:54   1:11   5:42 
Jamie Oleksiak           0  0  0  -1  4   1  4  2  0  0  0/0    21:18   1:11   2:30 
Johnathan Kovacevic      0  0  0   1  0   0  1  0  0  0  0/0    16:13   0:00   2:38 
Josh Brown               1  0  1   1  0   2  0  0  0  0  0/0    13:35   0:00   0:00 
Keegan Kolesar           0  1  1   2  0   0  3  0  0  0  1/2    15:45   0:00   5:06 
Lawson Crouse            0  1  1  -1  4   0  4  0  0  0  2/2    19:49   1:22   4:18 
Michael Rasmussen        0  1  1   1  2   3  0  0  0  0  13/23  17:59   1:10   4:35 
Philipp Kurashev         1  0  1   2  0   1  0  0  0  0  0/0    10:39   0:00   0:00 
Quinn Hughes             0  2  2   1  0   2  1  0  0  0  0/0    24:11   1:22   4:27 
Ty Dellandrea            0  0  0   0  0   2  0  0  0  0  5/8     6:27   0:00   0:00 

3 Stars

1 - Erik Haula (STL)
2 - Roope Hintz (STL)
3 - Brandon Tanev (STL)

Power Play

ST. LOUIS Blues - 0 on 6 Attempt(s) - 0,00%
CALGARY Flames - 0 on 2 Attempt(s) - 0,00%

Penalty Kill

ST. LOUIS Blues - 2 on 2 Attempt(s) - 100,00% - Score 0 goal in Penalty Kill
CALGARY Flames - 6 on 6 Attempt(s) - 100,00% - Score 0 goal in Penalty Kill

Team Stat

ST. LOUIS Blues - Hits : 16 - Faceoff Wins : 45 - Blocked Shots : 8 - Penalty Minutes : 6
CALGARY Flames - Hits : 26 - Faceoff Wins : 42 - Blocked Shots : 10 - Penalty Minutes : 14

Official

Referees : Reid Anderson and Elizabeth Mantha
Linesman : Bryan Pancich and Libor Suchanek

Game Notes

No Game Note

Finance

Level 1 -- Attendance: 5359 (89,32%) -- Ticket Income $535,900
Level 2 -- Attendance: 4457 (89,14%) -- Ticket Income $267,420
Level 3 -- Attendance: 1970 (98,50%) -- Ticket Income $68,950
Level 4 -- Attendance: 4000 (100,00%) -- Ticket Income $80,000
Luxury Box -- Attendance: 868 (86,80%) -- Ticket Income $173,600
Game was played at the Scotiabank Saddledome.
Total Attendance: 16654 (92,52%)
Total Ticket Income: $1,125,870
Other Income: $281,468
Total Income: $1,407,338

ST. LOUIS Blues

5 vs 5 Forward 
   Center                   Left Wing                Right Wing               Time % Phy DF OF 
 1 Evgeny Kuznetsov         Jonathan Marchessault    Oliver Bjorkstrand       35     1   2  2  
 2 Roope Hintz              Calle Jarnkrok           Jack Roslovic            35     1   2  2  
 3 Erik Haula               Brandon Tanev            Marcus Johansson         20     1   2  2  
 4 Robby Fabbri             Kevin Labanc             Roope Hintz              10     1   2  2  

5 vs 5 Defense 
   Defense                  Defense                                           Time % Phy DF OF 
 1 Erik Karlsson            Gustav Forsling                                   40     1   2  2  
 2 Damon Severson           Erik Gustafsson                                   30     1   2  2  
 3 Colin Miller             Oscar Klefbom                                     20     1   2  2  
 4 Gustav Forsling          Erik Karlsson                                     10     1   2  2  

PowerPlay Forward 
   Center                   Left Wing                Right Wing               Time % Phy DF OF 
 1 Roope Hintz              Jonathan Marchessault    Erik Haula               60     1   2  2  
 2 Evgeny Kuznetsov         Oliver Bjorkstrand       Jack Roslovic            40     1   2  2  

PowerPlay Defense
   Defense                  Defense                                           Time % Phy DF OF 
 1 Erik Karlsson            Gustav Forsling                                   60     1   2  2  
 2 Damon Severson           Colin Miller                                      40     1   2  2  

Penalty Kill 4 Players Forward 
   Center                   Wing                     Time % Phy DF OF 
 1 Roope Hintz              Jonathan Marchessault    60     1   2  2  
 2 Erik Haula               Evgeny Kuznetsov         40     1   2  2  

Penalty Kill 4 Players Defense
   Defense                  Defense                  Time % Phy DF OF 
 1 Erik Karlsson            Gustav Forsling          60     1   2  2  
 2 Damon Severson           Oscar Klefbom            40     1   2  2  

Penalty Kill - 3 Players Forward 
   Forward                                           Time % Phy DF OF 
 1 Roope Hintz                                       60     1   2  2  
 2 Jonathan Marchessault                             40     1   2  2  

Penalty Kill - 3 Players Defense
   Defense                  Defense                  Time % Phy DF OF 
 1 Erik Karlsson            Gustav Forsling          60     1   2  2  
 2 Damon Severson           Oscar Klefbom            40     1   2  2  

4 vs 4 Forward 
   Center                   Wing                     Time % Phy DF OF 
 1 Roope Hintz              Jonathan Marchessault    60     1   2  2  
 2 Erik Haula               Evgeny Kuznetsov         40     1   2  2  

4 vs 4 Defense
   Defense                  Defense                  Time % Phy DF OF 
 1 Erik Karlsson            Gustav Forsling          60     1   2  2  
 2 Damon Severson           Colin Miller             40     1   2  2  

Last Minutes Offensive
   Center                   Left Wing                Right Wing               Defense                  Defense                  
   Roope Hintz              Jonathan Marchessault    Oliver Bjorkstrand       Erik Karlsson            Gustav Forsling          

Last Minutes Defensive
   Center                   Left Wing                Right Wing               Defense                  Defense                  
   Roope Hintz              Jonathan Marchessault    Oliver Bjorkstrand       Erik Karlsson            Gustav Forsling          

Goaltenders
Starting : Filip Gustavsson         
Backup : Marc-Andre Fleury        

Extra Forwards
Normal : Evgeny Kuznetsov, Brandon Tanev, Jack Roslovic - PP : Evgeny Kuznetsov, Brandon Tanev - PK : Jack Roslovic
Extra Defensemen
Normal : Colin Miller, Oscar Klefbom, Gustav Forsling - PP : Colin Miller - PK : Oscar Klefbom, Erik Karlsson
Penalty Shots
Roope Hintz, Jonathan Marchessault, Erik Karlsson, Evgeny Kuznetsov, Gustav Forsling

Scratches
None

CALGARY Flames

5 vs 5 Forward 
   Center                   Left Wing                Right Wing               Time % Phy DF OF 
 1 Boone Jenner             Alex Newhook             Lawson Crouse            30     2   1  2  
 2 Charlie Coyle            Cole Perfetti            Daniel Sprong            30     1   1  3  
 3 Michael Rasmussen        Philipp Kurashev         Keegan Kolesar           25     2   1  2  
 4 Ty Dellandrea            Alexei Toropchenko       A.J. Greer               15     2   1  2  

5 vs 5 Defense 
   Defense                  Defense                                           Time % Phy DF OF 
 1 Quinn Hughes             Charlie McAvoy                                    40     1   2  2  
 2 Darnell Nurse            Jamie Oleksiak                                    30     2   2  1  
 3 Johnathan Kovacevic      Josh Brown                                        25     3   2  0  
 4 Darnell Nurse            Jamie Oleksiak                                    5      2   2  1  

PowerPlay Forward 
   Center                   Left Wing                Right Wing               Time % Phy DF OF 
 1 Boone Jenner             Lawson Crouse            Charlie Coyle            55     1   0  4  
 2 Michael Rasmussen        Alex Newhook             Daniel Sprong            45     1   0  4  

PowerPlay Defense
   Defense                  Defense                                           Time % Phy DF OF 
 1 Quinn Hughes             Charlie McAvoy                                    60     1   2  2  
 2 Darnell Nurse            Jamie Oleksiak                                    40     1   2  2  

Penalty Kill 4 Players Forward 
   Center                   Wing                     Time % Phy DF OF 
 1 Charlie Coyle            Lawson Crouse            50     1   3  1  
 2 Michael Rasmussen        Keegan Kolesar           50     2   3  0  

Penalty Kill 4 Players Defense
   Defense                  Defense                  Time % Phy DF OF 
 1 Darnell Nurse            Charlie McAvoy           60     1   2  2  
 2 Quinn Hughes             Jamie Oleksiak           40     1   2  2  

Penalty Kill - 3 Players Forward 
   Forward                                           Time % Phy DF OF 
 1 Charlie Coyle                                     50     1   4  0  
 2 Michael Rasmussen                                 50     1   4  0  

Penalty Kill - 3 Players Defense
   Defense                  Defense                  Time % Phy DF OF 
 1 Darnell Nurse            Charlie McAvoy           60     1   2  2  
 2 Quinn Hughes             Jamie Oleksiak           40     1   2  2  

4 vs 4 Forward 
   Center                   Wing                     Time % Phy DF OF 
 1 Boone Jenner             Lawson Crouse            50     2   1  2  
 2 Charlie Coyle            Daniel Sprong            50     1   1  3  

4 vs 4 Defense
   Defense                  Defense                  Time % Phy DF OF 
 1 Quinn Hughes             Charlie McAvoy           55     1   2  2  
 2 Darnell Nurse            Jamie Oleksiak           45     1   2  2  

Last Minutes Offensive
   Center                   Left Wing                Right Wing               Defense                  Defense                  
   Boone Jenner             Lawson Crouse            Charlie Coyle            Quinn Hughes             Charlie McAvoy           

Last Minutes Defensive
   Center                   Left Wing                Right Wing               Defense                  Defense                  
   Charlie Coyle            Michael Rasmussen        Lawson Crouse            Darnell Nurse            Charlie McAvoy           

Goaltenders
Starting : Stuart Skinner           
Backup : Jacob Markstrom          

Extra Forwards
Normal : Charlie Coyle, Boone Jenner, Michael Rasmussen - PP : Cole Perfetti, Michael Rasmussen - PK : Boone Jenner
Extra Defensemen
Normal : Jamie Oleksiak, Johnathan Kovacevic, Josh Brown - PP : Jamie Oleksiak - PK : Jamie Oleksiak, Johnathan Kovacevic
Penalty Shots
Alex Newhook, Boone Jenner, Quinn Hughes, Charlie McAvoy, Daniel Sprong

Scratches
Jacob Bryson (Healthy), Jake Muzzin (Healthy)

% Time on Ice - ST. LOUIS Blues

Lines # - Real PCT - Wanted PCT - Time Play
Normal Forward
1 - 31% - 35% - 13:37
2 - 30% - 35% - 13:10
3 - 30% - 20% - 12:51
4 - 9% - 10% - 3:54
Normal Defense
1 - 36% - 40% - 15:28
2 - 34% - 30% - 14:39
3 - 29% - 20% - 12:31
4 - 2% - 10% - 0:54
PP Forward
1 - 50% - 60% - 5:15
2 - 50% - 40% - 5:14
PP Defense
1 - 61% - 60% - 6:26
2 - 39% - 40% - 4:03
PK Forward
1 - 88% - 60% - 2:14
2 - 12% - 40% - 0:19
PK Defense
1 - 60% - 60% - 1:32
2 - 40% - 40% - 1:01
PK3 Forward
1 - 0% - 60%
2 - 0% - 40%
PK3 Defense
1 - 0% - 60%
2 - 0% - 40%
44 Forward
1 - 89% - 60% - 3:02
2 - 11% - 40% - 0:22
44 Defense
1 - 51% - 60% - 1:44
2 - 49% - 40% - 1:40
Last Minute Offensive  - 0:02
Last Minute Defensive  - 0:00
Total
Forward - 60:00
Defense - 60:00

% Time on Ice - CALGARY Flames

Lines # - Real PCT - Wanted PCT - Time Play
Normal Forward
1 - 29% - 30% - 12:34
2 - 32% - 30% - 13:52
3 - 24% - 25% - 10:39
4 - 15% - 15% - 6:27
Normal Defense
1 - 37% - 40% - 16:10
2 - 32% - 30% - 13:47
3 - 31% - 25% - 13:35
4 - 0% - 5% - 0:00
PP Forward
1 - 54% - 55% - 1:22
2 - 46% - 45% - 1:11
PP Defense
1 - 54% - 60% - 1:22
2 - 46% - 40% - 1:11
PK Forward
1 - 51% - 50% - 5:23
2 - 49% - 50% - 5:06
PK Defense
1 - 54% - 60% - 5:42
2 - 46% - 40% - 4:47
PK3 Forward
1 - 0% - 50%
2 - 0% - 50%
PK3 Defense
1 - 0% - 60%
2 - 0% - 40%
44 Forward
1 - 65% - 50% - 2:12
2 - 35% - 50% - 1:12
44 Defense
1 - 65% - 55% - 2:12
2 - 35% - 45% - 1:12
Last Minute Offensive  - 0:00
Last Minute Defensive  - 0:02
Total
Forward - 60:00
Defense - 60:00

Play-by-Play

1st period


0:01 of 1st period - Boone Jenner wins face-off versus Evgeny Kuznetsov in neutral zone.
0:33 of 1st period - Shot by Jonathan Marchessault.
0:33 of 1st period - Stopped by Stuart Skinner without a rebound.
0:34 of 1st period - Roope Hintz wins face-off versus Charlie Coyle in CALGARY Flames zone.
0:34 of 1st period - Jack Roslovic is hit by Darnell Nurse and loses puck.
0:37 of 1st period - Shot by Roope Hintz.
0:37 of 1st period - Goal by Roope Hintz - ST. LOUIS Blues : 1 - CALGARY Flames : 0.
0:38 of 1st period - Michael Rasmussen wins face-off versus Roope Hintz in neutral zone.
1:13 of 1st period - Shot by Roope Hintz.
1:13 of 1st period - Shot Misses the Net.
2:09 of 1st period - Shot by Charlie Coyle.
2:09 of 1st period - Shot Misses the Net.
2:24 of 1st period - Off-side.
2:25 of 1st period - Ty Dellandrea wins face-off versus Evgeny Kuznetsov in neutral zone.
2:34 of 1st period - Shot by Quinn Hughes.
2:34 of 1st period - Stopped by Filip Gustavsson with a rebound.
2:38 of 1st period - Shot by Ty Dellandrea.
2:38 of 1st period - Stopped by Filip Gustavsson with a rebound.
2:40 of 1st period - Shot by Alexei Toropchenko.
2:40 of 1st period - Stopped by Filip Gustavsson without a rebound.
2:41 of 1st period - Robby Fabbri wins face-off versus Boone Jenner in ST. LOUIS Blues zone.
4:08 of 1st period - Jonathan Marchessault is hit by Cole Perfetti.
4:48 of 1st period - Shot by Brandon Tanev.
4:48 of 1st period - Stopped by Stuart Skinner without a rebound.
4:49 of 1st period - Roope Hintz wins face-off versus Michael Rasmussen in CALGARY Flames zone.
4:59 of 1st period - Icing by Johnathan Kovacevic.
5:00 of 1st period - Michael Rasmussen wins face-off versus Erik Haula in CALGARY Flames zone.
5:00 of 1st period - Philipp Kurashev is hit by Erik Haula.
5:01 of 1st period - Icing by Philipp Kurashev.
5:02 of 1st period - Michael Rasmussen wins face-off versus Erik Haula in CALGARY Flames zone.
5:02 of 1st period - Michael Rasmussen is hit by Erik Haula.
5:14 of 1st period - Shot by Marcus Johansson.
5:14 of 1st period - Shot Misses the Net.
5:56 of 1st period - Shot by Jack Roslovic.
5:56 of 1st period - Stopped by Stuart Skinner with a rebound.
5:58 of 1st period - Shot by Roope Hintz.
5:58 of 1st period - Stopped by Stuart Skinner without a rebound.
5:59 of 1st period - Roope Hintz wins face-off versus Ty Dellandrea in CALGARY Flames zone.
6:01 of 1st period - Calle Jarnkrok is hit by Quinn Hughes and loses puck.
6:27 of 1st period - Minor Penalty to A.J. Greer for Holding.
6:28 of 1st period - Evgeny Kuznetsov wins face-off versus Charlie Coyle in CALGARY Flames zone.
6:29 of 1st period - Shot by Erik Karlsson.
6:29 of 1st period - Shot Misses the Net.
6:31 of 1st period - Shot by Gustav Forsling.
6:31 of 1st period - Shot Misses the Net.
6:33 of 1st period - Shot by Gustav Forsling.
6:33 of 1st period - Shot Blocked by Charlie McAvoy.
9:00 of 1st period - Icing by Alexei Toropchenko.
9:01 of 1st period - Erik Haula wins face-off versus Ty Dellandrea in CALGARY Flames zone.
10:00 of 1st period - Gustav Forsling is hit by Keegan Kolesar and loses puck.
10:17 of 1st period - Shot by Oliver Bjorkstrand.
10:17 of 1st period - Shot Misses the Net.
11:06 of 1st period - Shot by Boone Jenner.
11:06 of 1st period - Stopped by Filip Gustavsson without a rebound.
11:07 of 1st period - Robby Fabbri wins face-off versus Charlie Coyle in ST. LOUIS Blues zone.
11:07 of 1st period - Robby Fabbri is hit by Cole Perfetti.
11:32 of 1st period - Shot by Roope Hintz.
11:32 of 1st period - Shot Blocked by Charlie Coyle.
11:41 of 1st period - Off-side.
11:42 of 1st period - Ty Dellandrea wins face-off versus Erik Haula in neutral zone.
11:50 of 1st period - Minor Penalty to A.J. Greer for Holding.
11:51 of 1st period - Evgeny Kuznetsov wins face-off versus Michael Rasmussen in CALGARY Flames zone.
11:51 of 1st period - Erik Karlsson is hit by Jamie Oleksiak and loses puck.
11:58 of 1st period - Shot by Erik Karlsson.
11:58 of 1st period - Shot Blocked by Jamie Oleksiak.
12:07 of 1st period - Jack Roslovic is hit by Jamie Oleksiak and loses puck.
12:13 of 1st period - Evgeny Kuznetsov is hit by Jamie Oleksiak and loses puck.
13:14 of 1st period - Shot by Jonathan Marchessault.
13:14 of 1st period - Stopped by Stuart Skinner without a rebound.
13:15 of 1st period - Charlie Coyle wins face-off versus Roope Hintz in CALGARY Flames zone.
13:32 of 1st period - Shot by Colin Miller.
13:32 of 1st period - Stopped by Stuart Skinner without a rebound.
13:33 of 1st period - Michael Rasmussen wins face-off versus Jack Roslovic in CALGARY Flames zone.
13:46 of 1st period - Charlie McAvoy is hit by Evgeny Kuznetsov and loses puck.
14:01 of 1st period - Shot by Brandon Tanev.
14:01 of 1st period - Shot Misses the Net.
14:20 of 1st period - Icing by Johnathan Kovacevic.
14:21 of 1st period - Ty Dellandrea wins face-off versus Robby Fabbri in CALGARY Flames zone.
14:29 of 1st period - Shot by Ty Dellandrea.
14:29 of 1st period - Stopped by Filip Gustavsson without a rebound.
14:30 of 1st period - Roope Hintz wins face-off versus Charlie Coyle in ST. LOUIS Blues zone.
14:53 of 1st period - Shot by Roope Hintz.
14:53 of 1st period - Deflect By Jack Roslovic.
14:53 of 1st period - Shot Misses the Net.
14:55 of 1st period - Shot by Erik Karlsson.
14:55 of 1st period - Shot Misses the Net.
14:57 of 1st period - Shot by Gustav Forsling.
14:57 of 1st period - Stopped by Stuart Skinner without a rebound.
14:58 of 1st period - Boone Jenner wins face-off versus Oliver Bjorkstrand in CALGARY Flames zone.
15:04 of 1st period - Darnell Nurse is hit by Jonathan Marchessault and loses puck.
15:11 of 1st period - Shot by Lawson Crouse.
15:11 of 1st period - Deflect By Boone Jenner.
15:11 of 1st period - Shot Misses the Net.
15:18 of 1st period - Icing by Oscar Klefbom.
15:19 of 1st period - Charlie Coyle wins face-off versus Evgeny Kuznetsov in ST. LOUIS Blues zone.
15:26 of 1st period - Shot by Charlie Coyle.
15:26 of 1st period - Shot Misses the Net.
15:28 of 1st period - Shot by Charlie Coyle.
15:28 of 1st period - Stopped by Filip Gustavsson with a rebound.
15:46 of 1st period - Shot by Charlie Coyle.
15:46 of 1st period - Deflect By Daniel Sprong.
15:46 of 1st period - Shot Blocked by Oscar Klefbom.
16:04 of 1st period - Roope Hintz is hit by Charlie Coyle and loses puck.
16:14 of 1st period - Minor Penalty to Lawson Crouse for Delaying the game.
16:15 of 1st period - Michael Rasmussen wins face-off versus Roope Hintz in CALGARY Flames zone.
17:33 of 1st period - Oliver Bjorkstrand is hit by Jamie Oleksiak and loses puck.
18:06 of 1st period - Shot by Erik Haula.
18:06 of 1st period - Shot Misses the Net.
18:42 of 1st period - Shot by Charlie Coyle.
18:42 of 1st period - Shot Misses the Net.
19:54 of 1st period - Icing by Darnell Nurse.
19:55 of 1st period - Keegan Kolesar wins face-off versus Roope Hintz in CALGARY Flames zone.
Goals for this period are 1 for ST. LOUIS Blues vs 0 for CALGARY Flames.
Shots for this period are 8 for ST. LOUIS Blues vs 6 for CALGARY Flames.

2nd period


0:01 of 2nd period - Roope Hintz wins face-off versus Boone Jenner in neutral zone.
0:03 of 2nd period - Gustav Forsling is hit by Lawson Crouse and loses puck.
1:10 of 2nd period - Shot by Charlie Coyle.
1:10 of 2nd period - Stopped by Filip Gustavsson with a rebound.
1:12 of 2nd period - Shot by Cole Perfetti.
1:12 of 2nd period - Deflect By Charlie Coyle.
1:12 of 2nd period - Stopped by Filip Gustavsson with a rebound.
1:19 of 2nd period - Charlie Coyle is hit by Gustav Forsling and loses puck.
1:35 of 2nd period - Charlie Coyle is hit by Gustav Forsling and loses puck.
1:43 of 2nd period - Icing by Gustav Forsling.
1:44 of 2nd period - Michael Rasmussen wins face-off versus Roope Hintz in ST. LOUIS Blues zone.
1:44 of 2nd period - Philipp Kurashev is hit by Erik Karlsson and loses puck.
2:03 of 2nd period - Shot by Josh Brown.
2:03 of 2nd period - Goal by Josh Brown - ST. LOUIS Blues : 1 - CALGARY Flames : 1.
2:04 of 2nd period - Boone Jenner wins face-off versus Evgeny Kuznetsov in neutral zone.
2:42 of 2nd period - Icing by Damon Severson.
2:43 of 2nd period - Evgeny Kuznetsov wins face-off versus Charlie Coyle in ST. LOUIS Blues zone.
2:56 of 2nd period - Shot by Oliver Bjorkstrand.
2:56 of 2nd period - Shot Misses the Net.
3:34 of 2nd period - Shot by Marcus Johansson.
3:34 of 2nd period - Stopped by Stuart Skinner without a rebound.
3:35 of 2nd period - Boone Jenner wins face-off versus Robby Fabbri in CALGARY Flames zone.
3:39 of 2nd period - Quinn Hughes is hit by Robby Fabbri and loses puck.
3:45 of 2nd period - Charlie McAvoy is hit by Oscar Klefbom and loses puck.
3:55 of 2nd period - Alex Newhook is hit by Colin Miller and loses puck.
4:32 of 2nd period - Shot by Michael Rasmussen.
4:32 of 2nd period - Shot Misses the Net.
4:34 of 2nd period - Shot by Philipp Kurashev.
4:34 of 2nd period - Shot Misses the Net.
4:42 of 2nd period - Shot by Philipp Kurashev.
4:42 of 2nd period - Deflect By Michael Rasmussen.
4:42 of 2nd period - Shot Misses the Net.
4:44 of 2nd period - Shot by Johnathan Kovacevic.
4:44 of 2nd period - Shot Blocked by Damon Severson.
4:46 of 2nd period - Shot by Josh Brown.
4:46 of 2nd period - Shot Misses the Net.
4:48 of 2nd period - Shot by Josh Brown.
4:48 of 2nd period - Stopped by Filip Gustavsson without a rebound.
4:49 of 2nd period - Evgeny Kuznetsov wins face-off versus Charlie Coyle in ST. LOUIS Blues zone.
4:49 of 2nd period - Evgeny Kuznetsov is hit by Cole Perfetti.
5:15 of 2nd period - Icing by Darnell Nurse.
5:16 of 2nd period - Charlie Coyle wins face-off versus Roope Hintz in CALGARY Flames zone.
5:16 of 2nd period - Charlie Coyle is hit by Roope Hintz.
5:58 of 2nd period - Minor Penalty to Lawson Crouse for Roughing.
5:58 of 2nd period - Minor Penalty to Colin Miller for Hooking.
5:59 of 2nd period - Jonathan Marchessault wins face-off versus Boone Jenner in ST. LOUIS Blues zone.
6:51 of 2nd period - Icing by Erik Karlsson.
6:52 of 2nd period - Charlie Coyle wins face-off versus Evgeny Kuznetsov in ST. LOUIS Blues zone.
7:18 of 2nd period - Shot by Jamie Oleksiak.
7:18 of 2nd period - Shot Misses the Net.
7:20 of 2nd period - Shot by Charlie Coyle.
7:20 of 2nd period - Stopped by Filip Gustavsson without a rebound.
7:21 of 2nd period - Roope Hintz wins face-off versus Boone Jenner in ST. LOUIS Blues zone.
7:23 of 2nd period - Icing by Brandon Tanev.
7:24 of 2nd period - Roope Hintz wins face-off versus Boone Jenner in ST. LOUIS Blues zone.
7:47 of 2nd period - Off-side.
7:48 of 2nd period - Roope Hintz wins face-off versus Charlie Coyle in neutral zone.
7:57 of 2nd period - Shot by Jonathan Marchessault.
7:57 of 2nd period - Shot Misses the Net.
8:05 of 2nd period - Shot by Brandon Tanev.
8:05 of 2nd period - Stopped by Stuart Skinner with a rebound.
8:20 of 2nd period - Shot by Brandon Tanev.
8:20 of 2nd period - Shot Misses the Net.
8:22 of 2nd period - Shot by Brandon Tanev.
8:22 of 2nd period - Shot Misses the Net.
8:57 of 2nd period - Icing by Josh Brown.
8:58 of 2nd period - Michael Rasmussen wins face-off versus Roope Hintz in CALGARY Flames zone.
9:23 of 2nd period - Shot by Alex Newhook.
9:23 of 2nd period - Goal by Alex Newhook - ST. LOUIS Blues : 1 - CALGARY Flames : 2.
9:24 of 2nd period - Evgeny Kuznetsov wins face-off versus Charlie Coyle in neutral zone.
9:26 of 2nd period - Off-side.
9:27 of 2nd period - Boone Jenner wins face-off versus Evgeny Kuznetsov in neutral zone.
9:30 of 2nd period - Oscar Klefbom is hit by Lawson Crouse and loses puck.
9:35 of 2nd period - Shot by Lawson Crouse.
9:35 of 2nd period - Shot Misses the Net.
9:37 of 2nd period - Shot by Quinn Hughes.
9:37 of 2nd period - Shot Misses the Net.
10:56 of 2nd period - Shot by Daniel Sprong.
10:56 of 2nd period - Stopped by Filip Gustavsson without a rebound.
10:57 of 2nd period - Roope Hintz wins face-off versus Ty Dellandrea in ST. LOUIS Blues zone.
11:34 of 2nd period - Shot by Erik Karlsson.
11:34 of 2nd period - Stopped by Stuart Skinner without a rebound.
11:35 of 2nd period - Erik Haula wins face-off versus Boone Jenner in CALGARY Flames zone.
11:50 of 2nd period - Shot by Marcus Johansson.
11:50 of 2nd period - Stopped by Stuart Skinner with a rebound.
11:52 of 2nd period - Shot by Brandon Tanev.
11:52 of 2nd period - Goal by Brandon Tanev - ST. LOUIS Blues : 2 - CALGARY Flames : 2.
11:53 of 2nd period - Charlie Coyle wins face-off versus Robby Fabbri in neutral zone.
11:58 of 2nd period - Gustav Forsling is hit by Charlie Coyle and loses puck.
12:11 of 2nd period - Shot by Darnell Nurse.
12:11 of 2nd period - Shot Misses the Net.
12:13 of 2nd period - Shot by Jamie Oleksiak.
12:13 of 2nd period - Stopped by Filip Gustavsson without a rebound.
12:14 of 2nd period - Lawson Crouse wins face-off versus Erik Haula in ST. LOUIS Blues zone.
12:17 of 2nd period - Shot by Boone Jenner.
12:17 of 2nd period - Stopped by Filip Gustavsson without a rebound.
12:18 of 2nd period - Erik Haula wins face-off versus Boone Jenner in ST. LOUIS Blues zone.
12:37 of 2nd period - Damon Severson is hit by Boone Jenner and loses puck.
12:54 of 2nd period - Shot by Marcus Johansson.
12:54 of 2nd period - Shot Misses the Net.
12:56 of 2nd period - Shot by Brandon Tanev.
12:56 of 2nd period - Stopped by Stuart Skinner without a rebound.
12:57 of 2nd period - Charlie Coyle wins face-off versus Roope Hintz in CALGARY Flames zone.
12:59 of 2nd period - Icing by Darnell Nurse.
13:00 of 2nd period - Roope Hintz wins face-off versus Charlie Coyle in CALGARY Flames zone.
13:16 of 2nd period - Shot by Charlie Coyle.
13:16 of 2nd period - Stopped by Filip Gustavsson without a rebound.
13:17 of 2nd period - Michael Rasmussen wins face-off versus Oliver Bjorkstrand in ST. LOUIS Blues zone.
13:22 of 2nd period - Shot by Philipp Kurashev.
13:22 of 2nd period - Deflect By Michael Rasmussen.
13:22 of 2nd period - Stopped by Filip Gustavsson without a rebound.
13:23 of 2nd period - Evgeny Kuznetsov wins face-off versus Boone Jenner in ST. LOUIS Blues zone.
13:23 of 2nd period - Gustav Forsling is hit by Lawson Crouse and loses puck.
13:45 of 2nd period - Boone Jenner is hit by Evgeny Kuznetsov and loses puck.
13:52 of 2nd period - Gustav Forsling is hit by Boone Jenner and loses puck.
14:22 of 2nd period - Lawson Crouse is hit by Roope Hintz and loses puck.
14:47 of 2nd period - Shot by Roope Hintz.
14:47 of 2nd period - Shot Blocked by Jamie Oleksiak.
14:49 of 2nd period - Shot by Roope Hintz.
14:49 of 2nd period - Shot Misses the Net.
14:51 of 2nd period - Shot by Calle Jarnkrok.
14:51 of 2nd period - Shot Blocked by Darnell Nurse.
14:53 of 2nd period - Shot by Calle Jarnkrok.
14:53 of 2nd period - Shot Hit the Post.
15:11 of 2nd period - Shot by Charlie Coyle.
15:11 of 2nd period - Stopped by Filip Gustavsson with a rebound.
15:17 of 2nd period - Shot by Erik Haula.
15:17 of 2nd period - Shot Misses the Net.
15:20 of 2nd period - Minor Penalty to Jamie Oleksiak for Hooking.
15:21 of 2nd period - Jonathan Marchessault wins face-off versus Michael Rasmussen in CALGARY Flames zone.
15:28 of 2nd period - Shot by Jonathan Marchessault.
15:28 of 2nd period - Shot Blocked by Darnell Nurse.
15:42 of 2nd period - Shot by Erik Karlsson.
15:42 of 2nd period - Deflect By Roope Hintz.
15:42 of 2nd period - Stopped by Stuart Skinner without a rebound.
15:43 of 2nd period - Michael Rasmussen wins face-off versus Evgeny Kuznetsov in CALGARY Flames zone.
15:43 of 2nd period - Michael Rasmussen is hit by Evgeny Kuznetsov.
16:03 of 2nd period - Shot by Damon Severson.
16:03 of 2nd period - Shot Misses the Net.
16:38 of 2nd period - Icing by Gustav Forsling.
16:39 of 2nd period - Charlie Coyle wins face-off versus Roope Hintz in ST. LOUIS Blues zone.
17:28 of 2nd period - Shot by Colin Miller.
17:28 of 2nd period - Stopped by Stuart Skinner without a rebound.
17:29 of 2nd period - Evgeny Kuznetsov wins face-off versus Michael Rasmussen in CALGARY Flames zone.
17:29 of 2nd period - Evgeny Kuznetsov is hit by Johnathan Kovacevic.
17:43 of 2nd period - Shot by Evgeny Kuznetsov.
17:43 of 2nd period - Stopped by Stuart Skinner with a rebound.
18:05 of 2nd period - Shot by Oliver Bjorkstrand.
18:05 of 2nd period - Stopped by Stuart Skinner with a rebound.
18:22 of 2nd period - Icing by Josh Brown.
18:23 of 2nd period - Michael Rasmussen wins face-off versus Roope Hintz in CALGARY Flames zone.
19:41 of 2nd period - Off-side.
19:42 of 2nd period - Ty Dellandrea wins face-off versus Evgeny Kuznetsov in neutral zone.
Goals for this period are 1 for ST. LOUIS Blues vs 2 for CALGARY Flames.
Shots for this period are 10 for ST. LOUIS Blues vs 12 for CALGARY Flames.

3rd period


0:01 of 3rd period - Charlie Coyle wins face-off versus Roope Hintz in neutral zone.
0:15 of 3rd period - Shot by Daniel Sprong.
0:15 of 3rd period - Shot Blocked by Erik Karlsson.
0:17 of 3rd period - Shot by Charlie McAvoy.
0:17 of 3rd period - Shot Misses the Net.
1:44 of 3rd period - Off-side.
1:45 of 3rd period - Michael Rasmussen wins face-off versus Erik Haula in neutral zone.
1:47 of 3rd period - Off-side.
1:48 of 3rd period - Erik Haula wins face-off versus Michael Rasmussen in neutral zone.
1:48 of 3rd period - Erik Haula is hit by Keegan Kolesar.
1:53 of 3rd period - Brandon Tanev is hit by Charlie McAvoy.
1:56 of 3rd period - Erik Haula is hit by Charlie McAvoy and loses puck.
2:15 of 3rd period - Shot by Philipp Kurashev.
2:15 of 3rd period - Goal by Philipp Kurashev - ST. LOUIS Blues : 2 - CALGARY Flames : 3.
2:16 of 3rd period - Charlie Coyle wins face-off versus Roope Hintz in neutral zone.
3:58 of 3rd period - Jonathan Marchessault is hit by Charlie Coyle and loses puck.
4:24 of 3rd period - Icing by Colin Miller.
4:25 of 3rd period - Erik Haula wins face-off versus Boone Jenner in ST. LOUIS Blues zone.
4:27 of 3rd period - Icing by Oscar Klefbom.
4:28 of 3rd period - Boone Jenner wins face-off versus Erik Haula in ST. LOUIS Blues zone.
4:29 of 3rd period - Shot by Lawson Crouse.
4:29 of 3rd period - Shot Blocked by Colin Miller.
4:49 of 3rd period - Shot by Erik Haula.
4:49 of 3rd period - Stopped by Stuart Skinner without a rebound.
4:50 of 3rd period - Roope Hintz wins face-off versus Keegan Kolesar in CALGARY Flames zone.
4:50 of 3rd period - Erik Karlsson is hit by Darnell Nurse and loses puck.
5:35 of 3rd period - Shot by Roope Hintz.
5:35 of 3rd period - Stopped by Stuart Skinner without a rebound.
5:35 of 3rd period - Minor Penalty to Jamie Oleksiak for Tripping.
5:36 of 3rd period - Roope Hintz wins face-off versus Boone Jenner in CALGARY Flames zone.
5:47 of 3rd period - Shot by Colin Miller.
5:47 of 3rd period - Shot Blocked by Charlie McAvoy.
6:00 of 3rd period - Shot by Erik Haula.
6:00 of 3rd period - Deflect By Jonathan Marchessault.
6:00 of 3rd period - Shot Blocked by Charlie McAvoy.
6:11 of 3rd period - Damon Severson is hit by Charlie McAvoy and loses puck.
6:32 of 3rd period - Shot by Gustav Forsling.
6:32 of 3rd period - Shot Misses the Net.
6:34 of 3rd period - Shot by Oliver Bjorkstrand.
6:34 of 3rd period - Deflect By Evgeny Kuznetsov.
6:34 of 3rd period - Stopped by Stuart Skinner without a rebound.
6:35 of 3rd period - Evgeny Kuznetsov wins face-off versus Michael Rasmussen in CALGARY Flames zone.
6:44 of 3rd period - Shot by Erik Karlsson.
6:44 of 3rd period - Stopped by Stuart Skinner without a rebound.
6:45 of 3rd period - Charlie Coyle wins face-off versus Evgeny Kuznetsov in CALGARY Flames zone.
6:59 of 3rd period - Off-side.
7:00 of 3rd period - Roope Hintz wins face-off versus Michael Rasmussen in neutral zone.
7:47 of 3rd period - Shot by Jonathan Marchessault.
7:47 of 3rd period - Stopped by Stuart Skinner without a rebound.
7:48 of 3rd period - Ty Dellandrea wins face-off versus Erik Haula in CALGARY Flames zone.
8:36 of 3rd period - Icing by Colin Miller.
8:37 of 3rd period - Erik Haula wins face-off versus Boone Jenner in ST. LOUIS Blues zone.
9:08 of 3rd period - Minor Penalty to Erik Karlsson for Interference.
9:09 of 3rd period - Roope Hintz wins face-off versus Alex Newhook in ST. LOUIS Blues zone.
9:58 of 3rd period - Shot by Charlie McAvoy.
9:58 of 3rd period - Shot Blocked by Gustav Forsling.
10:06 of 3rd period - Shot by Charlie McAvoy.
10:06 of 3rd period - Stopped by Filip Gustavsson with a rebound.
10:08 of 3rd period - Shot by Charlie McAvoy.
10:08 of 3rd period - Shot Blocked by Gustav Forsling.
10:16 of 3rd period - Shot by Boone Jenner.
10:16 of 3rd period - Stopped by Filip Gustavsson without a rebound.
10:17 of 3rd period - Erik Haula wins face-off versus Boone Jenner in ST. LOUIS Blues zone.
10:28 of 3rd period - Shot by Quinn Hughes.
10:28 of 3rd period - Deflect By Charlie Coyle.
10:28 of 3rd period - Shot Misses the Net.
10:30 of 3rd period - Shot by Quinn Hughes.
10:30 of 3rd period - Shot Blocked by Jack Roslovic.
10:32 of 3rd period - Shot by Quinn Hughes.
10:32 of 3rd period - Stopped by Filip Gustavsson with a rebound.
10:34 of 3rd period - Shot by Charlie McAvoy.
10:34 of 3rd period - Shot Blocked by Gustav Forsling.
10:42 of 3rd period - Shot by Quinn Hughes.
10:42 of 3rd period - Shot Misses the Net.
10:57 of 3rd period - Icing by Jamie Oleksiak.
10:58 of 3rd period - Erik Haula wins face-off versus Michael Rasmussen in CALGARY Flames zone.
12:14 of 3rd period - Icing by Michael Rasmussen.
12:15 of 3rd period - Michael Rasmussen wins face-off versus Roope Hintz in CALGARY Flames zone.
12:26 of 3rd period - Shot by Michael Rasmussen.
12:26 of 3rd period - Stopped by Filip Gustavsson with a rebound.
13:27 of 3rd period - Shot by Lawson Crouse.
13:27 of 3rd period - Shot Misses the Net.
13:29 of 3rd period - Shot by Boone Jenner.
13:29 of 3rd period - Goal by Boone Jenner - ST. LOUIS Blues : 2 - CALGARY Flames : 4.
13:30 of 3rd period - Evgeny Kuznetsov wins face-off versus Charlie Coyle in neutral zone.
14:31 of 3rd period - Shot by Erik Haula.
14:31 of 3rd period - Goal by Erik Haula - ST. LOUIS Blues : 3 - CALGARY Flames : 4.
14:32 of 3rd period - Lawson Crouse wins face-off versus Robby Fabbri in neutral zone.
14:32 of 3rd period - Lawson Crouse is hit by Robby Fabbri.
14:35 of 3rd period - Minor Penalty to Damon Severson for Cross-checking.
14:36 of 3rd period - Roope Hintz wins face-off versus Boone Jenner in ST. LOUIS Blues zone.
14:55 of 3rd period - Shot by Charlie McAvoy.
14:55 of 3rd period - Stopped by Filip Gustavsson without a rebound.
14:56 of 3rd period - Roope Hintz wins face-off versus Michael Rasmussen in ST. LOUIS Blues zone.
15:09 of 3rd period - Minor Penalty to Michael Rasmussen for Holding.
15:10 of 3rd period - Boone Jenner wins face-off versus Roope Hintz in CALGARY Flames zone.
15:59 of 3rd period - Jonathan Marchessault is hit by Lawson Crouse and loses puck.
16:42 of 3rd period - Shot by Gustav Forsling.
16:42 of 3rd period - Stopped by Stuart Skinner without a rebound.
16:43 of 3rd period - Evgeny Kuznetsov wins face-off versus Boone Jenner in CALGARY Flames zone.
16:44 of 3rd period - Shot by Gustav Forsling.
16:44 of 3rd period - Stopped by Stuart Skinner without a rebound.
16:45 of 3rd period - Boone Jenner wins face-off versus Evgeny Kuznetsov in CALGARY Flames zone.
18:10 of 3rd period - Shot by Michael Rasmussen.
18:10 of 3rd period - Stopped by Filip Gustavsson without a rebound.
18:11 of 3rd period - Charlie Coyle wins face-off versus Roope Hintz in ST. LOUIS Blues zone.
18:21 of 3rd period - Off-side.
18:22 of 3rd period - Evgeny Kuznetsov wins face-off versus Boone Jenner in neutral zone.
18:50 of 3rd period - Shot by Charlie McAvoy.
18:50 of 3rd period - Shot Misses the Net.
18:52 of 3rd period - Shot by Charlie McAvoy.
18:52 of 3rd period - Stopped by Filip Gustavsson with a rebound.
18:54 of 3rd period - Shot by Charlie McAvoy.
18:54 of 3rd period - Stopped by Filip Gustavsson without a rebound.
18:55 of 3rd period - Jack Roslovic wins face-off versus Michael Rasmussen in ST. LOUIS Blues zone.
18:55 of 3rd period - Jack Roslovic is hit by Keegan Kolesar.
19:03 of 3rd period - ST. LOUIS Blues, Filip Gustavsson is pulled from the net.
19:13 of 3rd period - Shot by Jack Roslovic.
19:13 of 3rd period - Stopped by Stuart Skinner without a rebound.
19:14 of 3rd period - Roope Hintz wins face-off versus Charlie Coyle in CALGARY Flames zone.
19:15 of 3rd period - Shot by Erik Karlsson.
19:15 of 3rd period - Goal by Erik Karlsson - ST. LOUIS Blues : 4 - CALGARY Flames : 4.
19:15 of 3rd period - Filip Gustavsson from ST. LOUIS Blues was sent back in the game.
19:16 of 3rd period - Evgeny Kuznetsov wins face-off versus Charlie Coyle in neutral zone.
19:49 of 3rd period - Shot by Oliver Bjorkstrand.
19:49 of 3rd period - Shot Blocked by Daniel Sprong.
19:51 of 3rd period - Shot by Jonathan Marchessault.
19:51 of 3rd period - Shot Misses the Net.
19:53 of 3rd period - Shot by Gustav Forsling.
19:53 of 3rd period - Shot Misses the Net.
19:55 of 3rd period - Shot by Oliver Bjorkstrand.
19:55 of 3rd period - Stopped by Stuart Skinner without a rebound.
19:56 of 3rd period - Michael Rasmussen wins face-off versus Roope Hintz in CALGARY Flames zone.
19:56 of 3rd period - Keegan Kolesar is hit by Roope Hintz and loses puck.
Goals for this period are 2 for ST. LOUIS Blues vs 2 for CALGARY Flames.
Shots for this period are 11 for ST. LOUIS Blues vs 10 for CALGARY Flames.

Overtime #1


0:01 of 1st overtime period - Boone Jenner wins face-off versus Erik Haula in neutral zone.
0:21 of 1st overtime period - Shot by Boone Jenner.
0:21 of 1st overtime period - Stopped by Filip Gustavsson without a rebound.
0:22 of 1st overtime period - Boone Jenner wins face-off versus Erik Haula in ST. LOUIS Blues zone.
0:56 of 1st overtime period - Shot by Boone Jenner.
0:56 of 1st overtime period - Stopped by Filip Gustavsson without a rebound.
0:57 of 1st overtime period - Erik Haula wins face-off versus Boone Jenner in ST. LOUIS Blues zone.
1:18 of 1st overtime period - Shot by Calle Jarnkrok.
1:18 of 1st overtime period - Deflect By Erik Haula.
1:18 of 1st overtime period - Shot Misses the Net.
1:46 of 1st overtime period - Shot by Charlie McAvoy.
1:46 of 1st overtime period - Shot Misses the Net.
2:04 of 1st overtime period - Shot by Charlie McAvoy.
2:04 of 1st overtime period - Deflect By Charlie Coyle.
2:04 of 1st overtime period - Shot Misses the Net.
2:12 of 1st overtime period - Shot by Kevin Labanc.
2:12 of 1st overtime period - Shot Misses the Net.
2:14 of 1st overtime period - Shot by Evgeny Kuznetsov.
2:14 of 1st overtime period - Deflect By Kevin Labanc.
2:14 of 1st overtime period - Shot Blocked by Charlie McAvoy.
2:16 of 1st overtime period - Shot by Oscar Klefbom.
2:16 of 1st overtime period - Stopped by Stuart Skinner without a rebound.
2:17 of 1st overtime period - Evgeny Kuznetsov wins face-off versus Boone Jenner in CALGARY Flames zone.
2:47 of 1st overtime period - Icing by Jamie Oleksiak.
2:48 of 1st overtime period - Erik Haula wins face-off versus Boone Jenner in CALGARY Flames zone.
4:51 of 1st overtime period - Shot by Erik Haula.
4:51 of 1st overtime period - Goal by Erik Haula - ST. LOUIS Blues : 5 - CALGARY Flames : 4.
Goals for this period are 1 for ST. LOUIS Blues vs 0 for CALGARY Flames.
Shots for this period are 2 for ST. LOUIS Blues vs 2 for CALGARY Flames. Output by the SimonT Hockey Simulator (STHS) for Martin Benoit - Original Page W3C HTML5 Valid
Hockey Simulator - Hockey Simulation - Hockey Manager